 Dungeon Crawl Stone Soup version 0.15.0-29-ga8e3430 (webtiles) character file.

297 Kold the Scratcher (level 6, -9/28 HPs)
             Began as a Felid Chaos Knight on Sept 12, 2014.
             Was a Plaything of Xom.
             Killed by an exploding ball lightning (21 damage)
             ... created by the player character
             ... on Level 3 of the Dungeon.
             The game lasted 00:09:51 (3325 turns).

Kold the Scratcher (Felid Chaos Knight)             Turns: 3325, Time: 00:09:52

HP  -9/28        AC  2     Str  8      XL: 6   Next: 12%
MP  10/10        EV 20     Int 14      God: Xom
Gold 131         SH  0     Dex 17      Spells:  0 memorised,  5 levels left
Lives: 0, deaths: 1

rFire  . . .     SeeInvis +       - Unarmed
rCold  . . .     Clarity  .     (armour unavailable)
rNeg   . . .     rCorr    .     (shield unavailable)
rPois  .         rRot     .     (helmet unavailable)
rElec  .         Spirit   .     (cloak unavailable)
SustAb .         Warding  .     (gloves unavailable)
rMut   .         Stasis   .     (boots unavailable)
Gourm  .                        (no amulet)
MR     .....                    (no ring)
                                o - +3 ring of slaying

@: exhausted, quick, not resistant to hostile enchantments, stealthy
A: paw claws, no armour, no weapons or thrown items, fangs 3, see invisible,
carnivore 3, speed 1, shaggy fur 2, slow metabolism 1, jump 2
a: Jump Attack, Renounce Religion


You were on level 3 of the Dungeon.
You worshipped Xom.
You were a favourite toy of Xom.
You were not hungry.

You visited 1 branch of the dungeon, and saw 3 of its levels.
You also visited: Sewer.

You collected 131 gold pieces.

Inventory:

Comestibles
 c - 2 meat rations
Scrolls
 a - 2 scrolls of fear
 b - a scroll of magic mapping
 d - a scroll of random uselessness
 h - 3 scrolls of remove curse {unknown}
 i - 6 scrolls of teleportation {unknown}
 j - a scroll of enchant armour {unknown}
 k - a scroll of fog {unknown}
 l - 2 scrolls of blinking {unknown}
Jewellery
 o - a +3 ring of slaying (left paw)
Potions
 e - a potion of curing
 f - 2 potions of might {unknown}
 g - a potion of brilliance
 m - a potion of magic {unknown}
 q - 2 potions of haste
Books
 n - a book of the Earth

   Spells                             Type                      Level
   Leda's Liquefaction                Hexes/Earth                  4
   Bolt of Magma                      Conjuration/Fire/Earth       5
   Statue Form                        Transmutation/Earth          6
   Iron Shot                          Conjuration/Earth            6
   Shatter                            Earth                        9


   Skills:
 - Level 3.0 Fighting
 + Level 5.0 Dodging
 + Level 4.8 Stealth
 - Level 6.0 Unarmed Combat


You had 5 spell levels left.
You didn't know any spells.

Dungeon Overview and Level Annotations

Branches:
Dungeon (3/15)

Altars:
Qazlal
Xom

Annotations:
D:3 ztt's ghost, average GrFi


Innate Abilities, Weirdness & Mutations

You cannot wear armour.
You are incapable of wielding weapons or throwing items.
Your paws have sharp claws.
You have razor-sharp teeth.
You have supernaturally acute eyesight.
You are carnivorous and can eat meat at any time.
You cover ground quickly.
You are covered in thick fur (AC +2).
You have a slow metabolism.
You can jump attack at a medium distance.


Message History

Ztt's ghost turns its malevolent gaze towards you.
Press: ? - help, . - travel You can't see that place.
Xom's power flows through you!
You create some ball lightning!
Use which ability? (? or * to list)
Aiming: Jump Attack
Press: ? - help, Dir - move target cursor, f - ztt's ghost
Aim: ztt's ghost You jump-attack ztt's ghost!
You barely miss ztt's ghost.
You feel somewhat more hungry. Ztt's ghost hits you!
Ouch! That really hurt!
Found a scroll of identify and a fuming red potion.
Your ball lightning explodes!
The blast of lightning engulfs your ball lightning.
Your ball lightning completely resists.
The blast of lightning engulfs you!
Ouch! That really hurt!
You die...
Xom snickers!

########
######......!
#.........####
#.....(......?
#...W......#
##.....@....#
.......*....####.
###..............#
. #.........#####
#. #.........# #.
#.........# #.#
####(..#### ##.#
##.....## ##..#
##.......#


You could see ztt's ghost and a friendly ball lightning.

Vanquished Creatures
  2 giant frogs (Sewer)
  4 gnolls
  7 green rats (Sewer)
  10 adders
  A shadow imp (D:2)
  An ufetubus (D:2)
  3 giant geckos
  An ooze (D:1)
  11 ball pythons (Sewer)
  6 bats
  6 hobgoblins
  2 jackals (D:2)
  7 kobolds
  A quokka (D:2)
  3 giant cockroaches (D:3)
  5 giant newts
  4 goblins
  23 rats
97 creatures vanquished.

Vanquished Creatures (collateral kills)
  2 adders (Sewer)
  2 oozes (Sewer)
  2 rats (Sewer)
6 creatures vanquished.

Grand Total: 103 creatures vanquished

Notes
Turn   | Place    | Note
--------------------------------------------------------------
     0 | D:1      | Kold, the Felid Chaos Knight, began the quest for the Orb.
     0 | D:1      | Reached XP level 1. HP: 10/10 MP: 2/2
    18 | D:1      | XOM: harmless Summ miscast
    48 | D:1      | XOM: divination: detect items
   103 | D:1      | XOM: divination: detect items
   108 | D:1      | Reached skill level 1 in Stealth
   165 | D:1      | XOM: mild Necr miscast
   311 | D:1      | Reached XP level 2. HP: 7/13 MP: 3/3
   526 | D:1      | XOM: confuse monster(s)
   782 | D:1      | XOM: scenery: create altars
  1033 | D:1      | XOM: colour smoke trail
  1177 | D:2      | XOM is BORED!
  1177 | D:2      | XOM: harmless Hex miscast
  1186 | D:2      | Reached XP level 3. HP: 16/16 MP: 5/5
  1244 | D:2      | XOM: potion effect (heal wounds)
  1257 | D:1      | Reached skill level 4 in Unarmed Combat
  1439 | D:2      | Reached XP level 4. HP: 21/21 MP: 7/7
  1582 | D:2      | Noticed an earth elemental
  1586 | D:2      | Found a stormy altar of Qazlal.
  1587 | D:2      | Noticed a water elemental
  1587 | D:2      | Noticed a fire elemental
  1587 | D:2      | Noticed an air elemental
  1590 | D:2      | XOM: harmless Conj miscast
  1802 | D:2      | XOM: summons 2 hostile demons
  2020 | D:3      | Found a glowing drain.
  2044 | D:3      | Reached skill level 5 in Unarmed Combat
  2068 | D:3      | XOM: cast spell 'Flight'
  2072 | Sewer    | Entered a sewer
  2105 | Sewer    | XOM: harmless Fire miscast
  2127 | Sewer    | Reached XP level 5. HP: 17/24 MP: 8/8
  2366 | Sewer    | XOM: cast spell 'Summon Hydra'
  2381 | Sewer    | XOM: summons friendly iron imp
  2383 | Sewer    | Reached skill level 6 in Unarmed Combat
  2539 | Sewer    | XOM: divination: detect creatures
  2562 | Sewer    | HP: 1/24 [ball python (1)]
  2795 | Sewer    | Noticed a giant frog
  2796 | Sewer    | Noticed a giant frog
  2804 | Sewer    | Slain by an adder
  2805 | Sewer    | Reached XP level 4. HP: -2/21 MP: 7/7
  2870 | Sewer    | Killed a giant frog
  2870 | Sewer    | Reached XP level 5. HP: 13/24 MP: 8/8
  3009 | Sewer    | Killed a giant frog
  3009 | Sewer    | Gained mutation: You are covered in thick fur (AC +2). [growing up]
  3009 | Sewer    | Gained mutation: You can jump attack at a medium distance. [growing up]
  3009 | Sewer    | Reached XP level 6. HP: 22/28 MP: 10/10
  3015 | Sewer    | Reached skill level 5 in Dodging
  3321 | D:3      | Noticed ztt's ghost (average GrFi)
  3322 | D:3      | XOM: cast spell 'Conjure Ball Lightning'
  3325 | D:3      | Killed by an exploding ball lightning

Action                   |  1- 3 |  4- 6 || total
-------------------------+-------+-------++-------
Melee: Unarmed           |    97 |   197 ||   294
 Abil: Jump Attack       |     6 |     6 ||    12
  Use: Scroll            |       |     4 ||     4
       Potion            |       |     5 ||     5
 Stab: Sleeping          |     4 |     5 ||     9
       Confused          |     2 |       ||     2
  Eat: Chunk             |     9 |     4 ||    13
